 Dungeon Crawl Stone Soup version 0.29.0-11-gd7f09526c8 (webtiles) character file.

Game seed: 1162888039758774995

2536 Powertoast the Grappler (level 9, -7/78 HPs)
             Began as a Ghoul Gladiator on Sept 7, 2022.
             Was an Initiate of Okawaru.
             Mangled by Gastronok (33 damage)
             ... on level 8 of the Dungeon.
             The game lasted 00:24:46 (7672 turns).

Powertoast the Grappler (Ghoul Gladiator)           Turns: 7672, Time: 00:24:47

Health: -7/78      AC: 14    Str: 22    XL:     9   Next: 55%
Magic:  10/10      EV:  9    Int:  3    God:    Okawaru [......]
Gold:   477        SH:  5    Dex: 16    Spells: 8/8 levels left

rFire   + . .      SeeInvis .     - Unarmed
rCold   + . .      Faith    .   (no shield)
rNeg    + + +      Spirit   .   M - +2 chain mail {rF+}
rPois   ∞          Reflect  +   x - +2 hat
rElec   .          Harm     .   H - +0 cloak {rCorr}
rCorr   +          Rampage  .   (no gloves)
Will    .....                   (no boots)
Stlth   ..........              z - amulet of reflection
HPRegen 0.00/turn               s - +6 ring of dexterity
MPRegen 0.12/turn               (no ring)

@: inhibited regen, studying Unarmed Combat
A: claws 1, cold resistance 1, negative energy resistance 3, inhibited
regeneration, torment resistance 2, devour on kill
a: Renounce Religion


You were on level 8 of the Dungeon.
You worshipped Okawaru.
Okawaru was noncommittal.
You visited 2 branches of the dungeon, and saw 9 of its levels.

You collected 477 gold pieces.

Inventory:

Missiles
 c - 2 throwing nets
 e - 7 poisoned darts
Armour
 f - the +1 chain mail of Life {Fly Str+5 Dex-2}
   (You found it on level 6 of the Dungeon)

   Str:       It affects your strength (+5).
   Dex:       It affects your dexterity (-2).
   Fly:       It grants you flight.
 k - a +1 pair of gloves
 x - a +2 hat (worn)
 H - a +0 cloak of preservation (worn)
 M - a +2 chain mail of fire resistance (worn)
Jewellery
 s - a +6 ring of dexterity (left claw)
 z - an amulet of reflection (around neck)
Wands
 b - a wand of roots (19)
 u - a wand of polymorph (3)
 C - a wand of flame (11) (quivered)
 G - a wand of mindburst (17)
 J - a wand of acid (2)
Scrolls
 a - 2 scrolls of noise
 d - a scroll of fear {unknown}
 g - a scroll of fog
 j - 4 scrolls of magic mapping
 m - a scroll of amnesia {unknown}
 q - 2 scrolls of poison
 v - 2 scrolls of enchant weapon {unknown}
 w - a scroll of silence {unknown}
 y - a scroll of torment {unknown}
 E - 2 scrolls of enchant armour {unknown}
 F - a scroll of teleportation {unknown}
 I - a scroll of immolation
 K - 2 scrolls of blinking {unknown}
Potions
 h - 2 potions of cancellation {unknown}
 i - a potion of lignification
 l - 2 potions of attraction
 n - a potion of resistance {unknown}
 o - a potion of degeneration {unknown}
 p - a potion of invisibility {unknown}
 r - 2 potions of brilliance
 A - a potion of ambrosia {unknown}
 D - 2 potions of heal wounds {unknown}
 L - a potion of haste {unknown}
 N - 2 potions of curing


   Skills:
 + Level 6.9 Fighting
 - Level 3.0 Throwing
 - Level 4.0 Armour
 - Level 4.0 Dodging
 * Level 9.8 Unarmed Combat
 - Level 3.0 Invocations
 - Level 3.0 Evocations


You had 8 spell levels left.
You didn't know any spells.
Your spell library contained the following spells:

 Spells                   Type           Power      Damage    Failure   Level
 Apportation              Tloc           0%         N/A       99%         1
 Magic Dart               Conj           0%         1d3       99%         1
 Necrotise                Necr           0%         1d4       99%         1
 Mephitic Cloud           Conj/Pois/Air  0%         N/A       100%        3
 Summon Small Mammal      Summ           Unusable   N/A       N/A         1
 Call Imp                 Summ           Unusable   N/A       N/A         2
 Sublimation of Blood     Necr           Unusable   N/A       N/A         2
 Wereblood                Tmut           Unusable   N/A       N/A         2
 Call Canine Familiar     Summ           Unusable   N/A       N/A         3
 Summon Guardian Golem    Hex/Summ       Unusable   N/A       N/A         3
 Summon Hydra             Summ           Unusable   N/A       N/A         7

Dungeon Overview and Level Annotations

Branches:
Dungeon (8/15)             Temple (1/1) D:7
   Lair: D:8-11

Altars:
Ashenzari
Cheibriados
Dithmenos
Fedhas
Gozag
Hepliaklqana
Kikubaaqudgha
Makhleb
Okawaru
Qazlal
Ru
Sif Muna
Trog
Vehumet
Wu Jian
Xom
Yredelemnul

Annotations:
D:5 3 runed translucent doors, Atherized's ghost, amateur MiBe; smilodon's ghost, novice DsFi
D:8 Gastronok


Innate Abilities, Weirdness & Mutations

You are immune to poison.
You have sharp fingernails.
Your flesh is cold resistant. (rC+)
You are immune to negative energy. (rN+++)
You do not regenerate when monsters are visible.
You are immune to unholy pain and torment.
You thrive by killing the living.


Message History

Press: ? - help, Q - select action, (/) - cycle Shift-Dir - straight line, f/p - Gastronok
Aim: Gastronok, wearing a +0 hat (lightly wounded, extremely poisoned, 100% to hit)
The puff of flame hits Gastronok.
Gastronok is lightly wounded.
Gastronok gurgles, "Slow down, so I can eat you."
Aiming: Throw Flame
Press: ? - help, Q - select action, (/) - cycle Shift-Dir - straight line, f/p - Gastronok
Aim: Gastronok, wearing a +0 hat (lightly wounded, extremely poisoned, 100% to hit)
The puff of flame hits Gastronok.
Gastronok is lightly wounded.
You claw Gastronok!
Gastronok is moderately wounded.
You scratch Gastronok but do no damage.
Gastronok is moderately wounded.
Gastronok bites you!
You claw Gastronok!
Gastronok is moderately wounded.
You claw Gastronok!
Gastronok is moderately wounded.
Gastronok gurgles, "I'll eat you, I will!"
Gastronok bites you!
You claw Gastronok! Your claw misses Gastronok.
Gastronok is heavily wounded.
You mangle Gastronok!!
Gastronok is severely wounded.
You block Gastronok's attack.
You mangle Gastronok!!
Gastronok is severely wounded.
You completely miss Gastronok.
Gastronok is severely wounded.
You claw Gastronok!
Gastronok is almost dead.
Gastronok's eyestalks quiver as he mumbles some strange words.
Gastronok puts on a burst of speed!
You scratch Gastronok.
Gastronok is almost dead.
You mangle Gastronok!!
Gastronok is almost dead.
Gastronok bites you!!
You die...

#.#.. #.... #.... ...#..
##..#.. .>. #..
########.. ###.#######
#........#
...((.w@..#####.###.####
#########.##.....##.#
#.#..PPP....#
#....P..P...#
#..P.....P..#
#...P.8..P.##
#..PP...PP.#
#...PPPPP..#
#.#..P.P..##


You could see Gastronok (swift, very poisoned).

Vanquished Creatures
  Eustachio (D:5)
  A water moccasin (D:5)
  Duvessa (D:4)
  2 sky beasts
  An ogre (D:4)
  3 centaurs
  A kobold brigand (D:5)
  3 scorpions
  4 bullfrogs
  5 wights (D:7)
  Dowan (D:4)
  3 hounds
  2 jellies (D:5)
  2 orc priests
  Crazy Yiuf (D:6)
  5 iguanas
  9 orc wizards
  10 adders
  2 white imps
  2 ufetubi
  2 worms
  A dart slug (D:1)
  28 orcs
  7 endoplasms
  3 giant cockroaches
  7 goblins
  14 hobgoblins
  10 jackals
  6 quokkas
  12 ball pythons
  6 bats
  4 frilled lizards (D:1)
  29 kobolds
  4 rats
192 creatures vanquished.

Vanquished Creatures (others)
  2 ball pythons (D:2)
  5 plants (D:5)
7 creatures vanquished.

Grand Total: 199 creatures vanquished

Notes
Turn   | Place    | Note
-------+----------+-------------------------------------------
     0 | D:1      | Powertoast the Ghoul Gladiator began the quest for the Orb.
     0 | D:1      | Reached XP level 1. HP: 17/17 MP: 0/0
   235 | D:1      | Reached XP level 2. HP: 22/25 MP: 1/1
   418 | D:1      | Found a faded altar of an unknown god.
   561 | D:1      | Reached XP level 3. HP: 30/30 MP: 2/2
   823 | D:1      | Reached skill level 4 in Unarmed Combat
  1300 | D:2      | Reached XP level 4. HP: 38/38 MP: 3/3
  2591 | D:3      | Reached skill level 5 in Unarmed Combat
  2691 | D:3      | Reached skill level 1 in Armour
  2691 | D:3      | Reached XP level 5. HP: 39/45 MP: 4/4
  3335 | D:4      | Noticed an ogre
  3340 | D:4      | Killed an ogre
  3341 | D:4      | Reached skill level 6 in Unarmed Combat
  3341 | D:4      | Reached skill level 1 in Evocations
  3341 | D:4      | Reached XP level 6. HP: 19/51 MP: 5/5
  3713 | D:4      | Found an ornate altar of the Wu Jian Council.
  3713 | D:4      | Noticed Dowan
  3715 | D:4      | Noticed Duvessa
  3739 | D:4      | Killed Duvessa
  3740 | D:4      | Reached XP level 7. HP: 16/57 MP: 6/6
  3744 | D:4      | Killed Dowan
  3745 | D:4      | Reached skill level 1 in Invocations
  3917 | D:4      | Found a hide-covered altar of Uskayaw.
  3919 | D:4      | Found an ornate altar of the Wu Jian Council.
  3919 | D:4      | Found a radiant altar of Vehumet.
  3919 | D:4      | Found a shimmering altar of Xom.
  4463 | D:5      | Entered Level 5 of the Dungeon
  4620 | D:5      | Found a runed translucent gate.
  4624 | D:5      | Found a runed translucent gate.
  4625 | D:5      | Found a runed translucent gate.
  4626 | D:5      | Noticed smilodon's ghost (novice DsFi)
  4627 | D:5      | Noticed Atherized's ghost (amateur MiBe)
  4628 | D:5      | Identified the +1 leather armour of Fuilaes {Stlth+}
  4669 | D:5      | Noticed Eustachio
  4689 | D:5      | Killed Eustachio
  4690 | D:5      | Reached skill level 7 in Unarmed Combat
  4696 | D:5      | Reached skill level 5 in Fighting
  4696 | D:5      | Reached XP level 8. HP: 21/68 MP: 8/8
  5241 | D:5      | Found a shimmering blue altar of Sif Muna.
  5241 | D:5      | Found a shadowy altar of Dithmenos.
  5252 | D:5      | Reached skill level 8 in Unarmed Combat
  5673 | D:6      | Identified the +1 chain mail of Life {Fly Str+5 Dex-2}
  5795 | D:6      | Found a runed translucent door.
  5796 | D:6      | Noticed Crazy Yiuf
  5803 | D:6      | Killed Crazy Yiuf
  6034 | D:6      | Reached XP level 9. HP: 69/75 MP: 9/9
  6516 | D:7      | Reached skill level 9 in Unarmed Combat
  6809 | D:7      | Found a staircase to the Ecumenical Temple.
  6818 | Temple   | Entered the Ecumenical Temple
  7090 | Temple   | Became a worshipper of Warmaster Okawaru
  7652 | D:8      | Noticed Gastronok
  7672 | D:8      | Mangled by Gastronok

Illustrated notes

Levels and vault maps discovered:
D:1:      dpeg_arrival_rooms_c, layout_loops_ring,
          hellmonk_ecumenical_altar_crossroads
D:2:      layout_loops_corners, grunt_decor_resistance, lemuel_old_faithful
D:3:      wander_river, layout_rooms
D:4:      layout_loops_ring, doesnt_xom_only_xom,
          mainiacjoe_overflow_small_starburst, st_stairs_13, minmay_crossroads,
          uniq_duvessa
D:5:      kennysheep_kobold_camp, layout_rooms, gammafunk_temple_overflow_pools,
          gammafunk_ghost_cemetery, kennysheep_generic_room_15, uniq_eustachio
D:6:      layout_cave_pools, uniq_crazy_yiuf_cottage
D:7:      layout_basic, lemuel_temple_firewalk_a, dreamdust_princess_corridor,
          minmay_manual_mares
D:8:      layout_basic, nemelex_altar_shiori,
          ploomutoo_gammafunk_ghost_potion_laboratory, hangedman_decor_opposing,
          dreamdust_mushroom_princess, uniq_joseph, uniq_gastronok, uniq_pikel
Temple:   compressed_dpeg_triangle_lava_temple

Skill      XL: |  1  2  3  4  5  6  7  8  9 |
---------------+----------------------------+-----
Throwing       | 2 3 |  3.0
Dodging        | 3 4 |  4.0
Unarmed Combat | 4 5 6 7 8 9 |  9.8
Fighting       | 3 5 6 |  6.9
Armour         | 1 2 3 4 |  4.0
Evocations     | 1 2 3 |  3.0
Invocations    | 2 3 |  3.0

Action                   |  1- 3 |  4- 6 |  7- 9 || total
-------------------------+-------+-------+-------++-------
Melee: Unarmed           |   111 |   137 |   329 ||   577
       Punch             |       |     2 |    16 ||    18
Throw: Dart              |    10 |    11 |     6 ||    27
       Javelin           |       |       |     1 ||     1
       Throwing net      |       |       |     1 ||     1
Evoke: Wand              |       |       |     2 ||     2
  Use: Potion            |       |     2 |     1 ||     3
       Scroll            |       |       |     8 ||     8
 Stab: Invisible         |       |       |     1 ||     1
Armor: Chain mail        |    80 |    49 |   184 ||   313
       Leather armour    |     1 |       |       ||     1
Dodge: Dodged            |    53 |    53 |   101 ||   207
Block: Other             |       |    13 |    69 ||    82
       Reflection        |       |       |     1 ||     1
